 Dungeon Crawl Stone Soup version 0.28-a0-297-g99b01970c5 (webtiles) character file.

Game seed: 4545627097489499281

263 Gargoyl the Skirmisher (level 6, -3/53 HPs)
             Began as a Gnoll Abyssal Knight on Aug 29, 2021.
             Was a Believer of Lugonu.
             Slain by an iguana (4 damage)
             ... on level 4 of the Dungeon.
             The game lasted 00:03:25 (3171 turns).

Gargoyl the Skirmisher (Gnoll Abyssal Knight)       Turns: 3171, Time: 00:03:26

Health: -3/53      AC: 11    Str: 11 (13) XL:     6   Next: 19%
Magic:  8/9        EV:  6    Int: 11 (12) God:    Lugonu [**....]
Gold:   117        SH:  0    Dex: 10 (11) Spells: 8/8 levels left

rFire   . . .      SeeInvis .   a - +1 hand axe
rCold   . . .      Faith    .   (no shield)
rNeg    . . .      Spirit   .   h - +0 chain mail
rPois   .          Reflect  .   (no helmet)
rElec   .          Harm     .   c - +0 cloak
rCorr   .          Rampage  .   (no gloves)
Will    .....                   (no boots)
Stlth   ..........              (no amulet)
HPRegen 0.17/turn               (no ring)
MPRegen 0.11/turn               (no ring)

@: no status effects
A: fangs 1, strong nose, distributed training
a: Renounce Religion, Depart the Abyss, Bend Space


You were on level 4 of the Dungeon.
You worshipped Lugonu.
Lugonu was pleased with you.
You visited 1 branch of the dungeon, and saw 4 of its levels.
You visited the Abyss 1 time.

You collected 117 gold pieces.

Inventory:

Hand Weapons
 a - a +1 hand axe (weapon)
 f - a +0 broad axe
Missiles
 d - 9 poisoned darts (quivered)
Armour
 c - a +0 cloak (worn)
 h - a +0 chain mail (worn)
Wands
 b - a wand of charming (9)
Scrolls
 e - a scroll of teleportation
Potions
 g - 2 potions of curing {unknown}


   Skills:
 + Level 6.8 Fighting
 + Level 1.8 Short Blades
 + Level 1.8 Long Blades
 + Level 4.9 Axes
 + Level 1.8 Maces & Flails
 + Level 1.8 Polearms
 + Level 1.8 Staves
 + Level 1.8 Slings
 + Level 1.8 Bows
 + Level 1.8 Crossbows
 + Level 1.8 Throwing
 + Level 4.9 Armour
 + Level 3.2 Dodging
 + Level 1.8 Stealth
 + Level 1.8 Shields
 + Level 1.8 Unarmed Combat
 + Level 1.8 Spellcasting
 + Level 1.4 Conjurations
 + Level 1.4 Hexes
 + Level 1.4 Summonings
 + Level 1.4 Necromancy
 + Level 1.4 Translocations
 + Level 1.4 Transmutations
 + Level 1.4 Fire Magic
 + Level 1.4 Ice Magic
 + Level 1.4 Air Magic
 + Level 1.4 Earth Magic
 + Level 1.4 Poison Magic
 + Level 5.0 Invocations
 + Level 1.8 Evocations


You had 8 spell levels left.
You didn't know any spells.
Your spell library contained the following spells:

 Spells                   Type           Power      Damage    Failure   Level
 Fireball                 Conj/Fire      2%         3d4       100%        5
 Starburst                Conj/Fire      2%         6d3       100%        6
 Ignition                 Fire           2%         3d3       100%        8


Dungeon Overview and Level Annotations

Branches:
Dungeon (4/15)
 Temple: D:4-7

Altars:
Gozag
Sif Muna

Annotations:
D:3 3 runed translucent doors, Squibie's ghost, amateur DjGl


Innate Abilities, Weirdness & Mutations

You have very sharp teeth.
Your uncanny sense of smell can sniff out nearby items.
Your experience applies equally to all skills.


Message History

The orc is heavily wounded.
The orc closely misses you.
You slash the orc!
You kill the orc!
Lugonu accepts your kill.
You can now bend space around yourself.
You hit the iguana.
The iguana is lightly wounded.
The iguana bites you but does no damage.
Unknown command.
You hit the iguana.
The iguana is heavily wounded.
The iguana bites you but does no damage.
You hit the iguana.
The iguana is severely wounded.
The iguana bites you.
* * * LOW HITPOINT WARNING * * *
Unknown command.
You hit the iguana but do no damage.
The iguana is severely wounded.
The iguana bites you.
* * * LOW HITPOINT WARNING * * *
You barely miss the iguana.
The iguana is severely wounded.
The iguana barely misses you.
Unknown command.
You hit the iguana.
The iguana is almost dead.
The iguana bites you but does no damage.
Unknown command.
You barely miss the iguana.
The iguana is almost dead.
The iguana bites you but does no damage.
You hit the iguana but do no damage. Your bite misses the iguana.
The iguana is almost dead.
The iguana bites you!
* * * LOW HITPOINT WARNING * * *
You hit the iguana but do no damage. Your bite misses the iguana.
The iguana is almost dead.
The iguana bites you.
You die...

########################
......................>#
################.#.####
###### #.# .....# #.#
.....## #@# ....... #l#
.....#. #o# .....## #.#
....... #.# ####### #..
### ∆


You could see an iguana and an orc.

Vanquished Creatures
  A scorpion (D:4)
  Ijyb (D:4)
  2 orc wizards (D:4)
  2 adders (D:2)
  A gnoll (D:3)
  4 worms
  A dart slug (D:2)
  3 orcs (D:4)
  4 bats
  2 endoplasms
  3 giant cockroaches
  8 goblins
  5 hobgoblins
  8 jackals
  5 kobolds
  4 quokkas
  4 ball pythons
  3 frilled lizards (D:1)
  4 rats
65 creatures vanquished.

Vanquished Creatures (others)
  An orc wizard (D:4)
1 creature vanquished.

Grand Total: 66 creatures vanquished

Notes
Turn   | Place    | Note
-------+----------+-------------------------------------------
     0 | Abyss:1  | Gargoyl the Gnoll Abyssal Knight began the quest for the
                  | Orb.
     0 | Abyss:1  | Reached XP level 1. HP: 23/23 MP: 3/3
    63 | Abyss:1  | Noticed an orange demon
    84 | Abyss:1  | Noticed a large abomination
   100 | Abyss:1  | Noticed a ynoxinul
   103 | D:1      | Escaped the Abyss
   160 | D:1      | Reached XP level 2. HP: 23/29 MP: 5/5
   383 | D:1      | Reached * piety under Lugonu
   537 | D:1      | Reached XP level 3. HP: 34/35 MP: 6/6
   537 | D:1      | Found a faded altar of an unknown god.
   914 | D:2      | Reached skill level 1 in Short Blades
   914 | D:2      | Reached skill level 1 in Long Blades
   914 | D:2      | Reached skill level 1 in Maces & Flails
   914 | D:2      | Reached skill level 1 in Polearms
   914 | D:2      | Reached skill level 1 in Staves
   914 | D:2      | Reached skill level 1 in Slings
   914 | D:2      | Reached skill level 1 in Bows
   914 | D:2      | Reached skill level 1 in Crossbows
   914 | D:2      | Reached skill level 1 in Throwing
   914 | D:2      | Reached skill level 1 in Stealth
   914 | D:2      | Reached skill level 1 in Shields
   914 | D:2      | Reached skill level 1 in Unarmed Combat
   914 | D:2      | Reached skill level 1 in Spellcasting
   914 | D:2      | Reached skill level 1 in Evocations
  1332 | D:2      | Reached XP level 4. HP: 28/38 MP: 7/7
  1722 | D:3      | Found an opulent altar of Gozag.
  1810 | D:3      | Found a shimmering blue altar of Sif Muna.
  2195 | D:3      | Reached skill level 1 in Conjurations
  2195 | D:3      | Reached skill level 1 in Hexes
  2195 | D:3      | Reached skill level 1 in Summonings
  2195 | D:3      | Reached skill level 1 in Necromancy
  2195 | D:3      | Reached skill level 1 in Translocations
  2195 | D:3      | Reached skill level 1 in Transmutations
  2195 | D:3      | Reached skill level 1 in Fire Magic
  2195 | D:3      | Reached skill level 1 in Ice Magic
  2195 | D:3      | Reached skill level 1 in Air Magic
  2195 | D:3      | Reached skill level 1 in Earth Magic
  2195 | D:3      | Reached skill level 1 in Poison Magic
  2246 | D:3      | Found a runed translucent gate.
  2247 | D:3      | Found a runed translucent gate.
  2247 | D:3      | Identified the +4 scale mail of the Slightly Bent {Fly rC-
                  | Str+4}
  2247 | D:3      | Noticed Squibie's ghost (amateur DjGl)
  2248 | D:3      | Found a runed translucent gate.
  2628 | D:4      | Noticed Ijyb
  2641 | D:4      | Noticed a scorpion
  2648 | D:4      | Killed Ijyb
  2649 | D:4      | Reached XP level 5. HP: 30/47 MP: 8/8
  2861 | D:4      | Reached skill level 5 in Invocations
  3128 | D:4      | Reached XP level 6. HP: 43/53 MP: 9/9
  3162 | D:4      | Reached ** piety under Lugonu
  3170 | D:4      | HP: 1/53 [iguana (11)]
  3171 | D:4      | Slain by an iguana

Illustrated notes

Levels and vault maps discovered:
D:1:      lightli_arrival_flooded_house, layout_rooms,
          shapermc_ecumenical_altar_mp_highgroup
D:2:      layout_basic
D:3:      layout_loops_ring, mainiacjoe_overflow_catch_the_wave,
          biasface_ghost_orc_armoury
D:4:      layout_basic, corexii_leaking_fountain, uniq_ijyb

Skill      XL: |  1  2  3  4  5 |
---------------+----------------+-----
Short Blades   | 1 |  1.8
Long Blades    | 1 |  1.8
Maces & Flails | 1 |  1.8
Polearms       | 1 |  1.8
Staves         | 1 |  1.8
Slings         | 1 |  1.8
Bows           | 1 |  1.8
Crossbows      | 1 |  1.8
Throwing       | 1 |  1.8
Stealth        | 1 |  1.8
Shields        | 1 |  1.8
Unarmed Combat | 1 |  1.8
Spellcasting   | 1 |  1.8
Evocations     | 1 |  1.8
Conjurations   | 1 |  1.4
Hexes          | 1 |  1.4
Summonings     | 1 |  1.4
Necromancy     | 1 |  1.4
Translocations | 1 |  1.4
Transmutations | 1 |  1.4
Fire Magic     | 1 |  1.4
Ice Magic      | 1 |  1.4
Air Magic      | 1 |  1.4
Earth Magic    | 1 |  1.4
Poison Magic   | 1 |  1.4
Dodging        | 3 |  3.2
Invocations    | 5 |  5.0
Fighting       | |  6.8
Axes           | |  4.9
Armour         | |  4.9

Action                   |  1- 3 |  4- 6 || total
-------------------------+-------+-------++-------
Melee: Hand axe          |   101 |   189 ||   290
       Bite              |     5 |    13 ||    18
       Punch             |       |     2 ||     2
Throw: Dart              |       |     9 ||     9
Invok: Depart the Abyss  |     1 |       ||     1
  Use: Scroll            |     2 |     2 ||     4
       Potion            |       |     1 ||     1
Armor: Leather armour    |    26 |       ||    26
       Chain mail        |    65 |   125 ||   190
Dodge: Dodged            |    79 |    47 ||   126

Table legend: (Time is in decaauts)
 A = Elapsed time spent in this place.
 B = Non-inter-level travel time spent in this place.
 C = Inter-level travel time spent in this place.
 D = Time resting spent in this place.
 E = Time spent auto-exploring this place.
 F = Levels seen in this place.
 G = Mean time per level.
                   A        B        C        D        E       F      G
               +--------+--------+--------+--------+--------+-----+--------+
         Total |   3189 |   3160 |     29 |    900 |   1489 |   5 |  637.8 |
       Dungeon |   3085 |   3056 |     29 |    900 |   1458 |   4 |  771.2 |
         Abyss |    103 |    103 |      0 |      0 |     30 |   1 |  103.0 |
               +--------+--------+--------+--------+--------+-----+--------+

Top non-repeatable levels by time:
     D:2: 1015 daAuts
     D:3: 757 daAuts
     D:4: 710 daAuts
     D:1: 601 daAuts
 Abyss:1: 103 daAuts
